 Dungeon Crawl Stone Soup version 0.23.2-40-g277498a001 (webtiles) character file.

Game seed: 4419295566331509337

10200 Kostasan the Basher (level 11, -5/153 HPs)
             Began as a Minotaur Berserker on Oct 2, 2019.
             Was a High Priest of Trog.
             Slain by an orc warrior
             ... wielding a +0 glaive
              (18 damage)
             ... on level 12 of the Dungeon.
             The game lasted 00:38:26 (9903 turns).

Kostasan the Basher (Minotaur Berserker)            Turns: 9903, Time: 00:38:27

Health: -5/153     AC: 19    Str: 26    XL:     11   Next: 33%
Magic:  3/3        EV: 10    Int:  4    God:    Trog [*****.]
Gold:   564        SH:  0    Dex: 14    Spells: 10/10 levels left

rFire    . . .     SeeInvis .   E - +5 great mace (antimagic)
rCold    . . .     Gourm    .   (shield currently unavailable)
rNeg     . . .     Faith    .   f - +0 plate armour
rPois    .         Spirit   .   (helmet restricted)
rElec    .         Reflect  .   (no cloak)
rCorr    .         Harm     .   k - +0 pair of gloves
MR       +....                  N - +2 pair of boots
Stlth    ..........             (no amulet)
HPRegen  0.35/turn              a - ring of protection from magic
MPRegen  0.08/turn              (no ring)

@: berserking (expiring), very quick
A: retaliatory headbutt, horns 2
a: Berserk, Trog's Hand, Brothers in Arms, Renounce Religion


You were on level 12 of the Dungeon.
You worshipped Trog.
Trog was extremely pleased with you.
You were hungry.

You visited 1 branch of the dungeon, and saw 12 of its levels.
You also visited: Ossuary.

You collected 564 gold pieces.

Inventory:

Hand Weapons
 o - a +0 flail
 E - a +5 antimagic great mace (weapon)
Missiles
 D - 8 javelins (quivered)
 G - 2 javelins of returning
Armour
 f - a +0 plate armour (worn)
 k - a +0 pair of gloves (worn)
 N - a +2 pair of boots (worn)
Jewellery
 a - a ring of protection from magic (left hand)
 n - a +5 ring of dexterity
 w - the cursed ring of the Invisible Hand {*Drain +Fly MR+ EV-5, unknown}
   (You found it on level 7 of the Dungeon)

   [ring of evasion]

   It affects your evasion (-5).
   It affects your resistance to hostile enchantments.
   It lets you fly.
   It causes draining when unequipped.
   It has a curse placed upon it.
 x - an uncursed ring of resist corrosion {unknown}
 y - the ring of Ascent {rCorr +Inv rPois Dex-2, unknown}
   (You found it in an ossuary)

   [ring of resist corrosion]

   It affects your dexterity (-2).
   It protects you from poison.
   It lets you turn invisible.
 A - an uncursed ring of see invisible {unknown}
Wands
 b - a wand of iceblast (14)
 m - a wand of polymorph (17)
 K - a wand of random effects (11)
 L - a wand of flame (14)
 R - a wand of paralysis (10)
Scrolls
 d - 7 scrolls of fear
 e - 6 scrolls of remove curse
 g - 6 scrolls of magic mapping
 i - 3 scrolls of immolation
 j - 11 scrolls of teleportation
 l - 9 scrolls of identify
 r - 2 scrolls of amnesia {unknown}
 B - 4 scrolls of enchant weapon {unknown}
 C - 4 scrolls of vulnerability {unknown}
 H - a scroll of holy word {unknown}
 I - a scroll of blinking {unknown}
Potions
 h - 11 potions of curing
 p - 5 potions of brilliance
 q - a potion of berserk rage
 s - 3 potions of flight {unknown}
 t - 2 potions of resistance
 u - 5 potions of heal wounds
 v - 2 potions of magic
 z - 2 potions of might {unknown}
 F - a potion of agility
 J - 2 potions of haste {unknown}
 M - a potion of ambrosia
Miscellaneous
 O - a lightning rod (4/4)
 P - a sack of spiders
Comestibles
 c - 9 rations
 Q - 2 chunks of flesh


   Skills:
 + Level 11.0 Fighting
 * Level 14.5 Maces & Flails
 + Level 10.8 Armour
 + Level 4.1 Dodging


You had 10 spell levels left.
You didn't know any spells.
Your spell library contained the following spells:

 Spells                   Type           Power        Failure   Level  Hunger
 Beastly Appendage        Tmut           #.....       99%         1    ##.....
 Corona                   Hex            #......      99%         1    ##.....
 Ensorcelled Hibernation  Hex/Ice        #.....       100%        2    ###....
 Sticks to Snakes         Tmut           #.......     100%        2    ###....
 Confuse                  Hex            #.......     100%        3    ####...
 Dazzling Spray           Conj/Hex       #.....       100%        3    ####...
 Spider Form              Tmut/Pois      #.........   100%        3    ####...
 Tukima's Dance           Hex            #.......     100%        3    ####...
 Ice Form                 Ice/Tmut       #.......     100%        4    #####..
 Blade Hands              Tmut           #.........   100%        5    ######.


Dungeon Overview and Level Annotations

Branches:
Dungeon (12/15)            Temple (0/1) D:5            Lair (0/6) D:9
    Orc (0/2) D:10

Altars:
Yredelemnul

Shops:
D:6 }


Innate Abilities, Weirdness & Mutations

You reflexively headbutt those who attack you in melee.
You have a pair of horns on your head.


Message History

You hear a shout!
You bludgeon the slime creature!!
The slime creature is heavily wounded.
An orc wizard comes into view. It is wielding a +1 dagger of venom.
The orc warrior hits you from afar with a +0 glaive.
* * * LOW HITPOINT WARNING * * *
You sock the slime creature!
The slime creature is severely wounded.
The slime creature hits you!
* * * LOW HITPOINT WARNING * * *
Two slime creatures merge to form a large slime creature.
You crush the large slime creature like a grape!!!
The large slime creature is severely wounded.
The orc warrior completely misses you.
You bludgeon the large slime creature!! You headbutt the large slime creature.
You kill the large slime creature!
Trog accepts your kill.
A slime creature comes into view.
The orc warrior hits you with a +0 glaive!!
You die...

..............#
.........)....+
+##....)......#
#.....[###+##
#....).+
#....).#
#....)##
###+#.# #@#
#oo......
#........
#........
#........
#........
...###### .J.#


You could see a slime creature, an orc warrior and an orc wizard.

Vanquished Creatures
  2 two-headed ogres (D:9)
  Pikel (D:4)
  2 cyclopes (D:11)
  A hornet (D:10)
  Grinder (D:4)
  3 slime creatures (D:12)
  A vampire (D:10)
  A wraith (D:10)
  4 yaks (D:9)
  A human (D:3)
  Eustachio (D:5)
  Menkaure (D:5)
  A water moccasin (D:10)
  4 orc warriors
  4 phantoms
  3 sky beasts
  2 slaves (D:4)
  5 ogres
  An eye of draining (D:8)
  A black bear (D:6)
  2 centaurs
  4 bullfrogs
  A water moccasin zombie (Ossuary)
  2 scorpions
  12 killer bees
  4 wights (D:9)
  3 howler monkeys (D:8)
  4 bullfrog zombies
  A centaur zombie (Ossuary)
  4 crimson imps
  6 hounds
  A jelly (D:7)
  A bullfrog skeleton (D:9)
  9 orc priests
  Crazy Yiuf (D:2)
  13 orc wizards
  A centaur skeleton (D:10)
  3 iguanas
  A worker ant (D:9)
  2 killer bee zombies
  5 hound zombies
  10 mummies
  3 howler monkey zombies (Ossuary)
  Robin (D:4)
  4 worker ant zombies
  A howler monkey skeleton (D:6)
  8 adders
  3 gnolls (D:7)
  3 shadow imps
  3 adder zombies (Ossuary)
  2 oozes
  An adder skeleton (D:9)
  4 worms
  2 dart slugs (D:1)
  5 leopard geckos
  41 orcs
  2 ball pythons
  9 bats
  8 giant cockroaches
  11 goblins
  17 hobgoblins
  6 jackals
  7 kobolds
  7 quokkas
  2 frilled lizards
  A goblin skeleton (D:3)
  A goblin zombie (D:3)
  3 jackal zombies
  A leopard gecko skeleton (D:5)
  A leopard gecko zombie (Ossuary)
  A quokka skeleton (D:4)
  11 rats
  A withered plant (Ossuary)
300 creatures vanquished.

Vanquished Creatures (others)
  A slave (D:4)
  A hound (D:4)
  An orc wizard (D:4)
  An adder (D:4)
  4 orcs (D:4)
  A withered plant (Ossuary)
9 creatures vanquished.

Grand Total: 309 creatures vanquished

Notes
Turn   | Place    | Note
-------+----------+-------------------------------------------
     0 | D:1      | Kostasan the Minotaur Berserker began the quest for the
                  | Orb.
     0 | D:1      | Reached XP level 1. HP: 19/19 MP: 0/0
   172 | D:1      | Reached XP level 2. HP: 23/27 MP: 1/1
   320 | D:1      | Reached skill level 4 in Maces & Flails
   390 | D:1      | Reached ** piety under Trog
   392 | D:1      | Reached XP level 3. HP: 28/33 MP: 2/2
  1170 | D:2      | Found a runed translucent door.
  1171 | D:2      | Noticed Crazy Yiuf
  1225 | D:2      | Killed Crazy Yiuf
  1225 | D:2      | Reached XP level 4. HP: 41/41 MP: 3/3
  1851 | D:3      | Found a runed translucent door.
  1851 | D:3      | Noticed a human
  1878 | D:3      | Found a basalt altar of Yredelemnul.
  1898 | D:3      | Killed a human
  1898 | D:3      | Reached skill level 5 in Fighting
  1898 | D:3      | Reached skill level 5 in Maces & Flails
  1898 | D:3      | Reached XP level 5. HP: 35/48 MP: 4/4
  2094 | D:3      | Reached skill level 6 in Maces & Flails
  2183 | D:3      | Reached *** piety under Trog
  2183 | D:3      | Reached XP level 6. HP: 56/56 MP: 5/5
  2693 | D:4      | Noticed a slave
  2696 | D:4      | Noticed Pikel
  2702 | D:4      | Noticed a slave
  2702 | D:4      | Noticed a slave
  2704 | D:4      | Noticed a slave
  2715 | D:4      | Killed a slave
  2718 | D:4      | Killed Pikel
  2718 | D:4      | Reached skill level 8 in Maces & Flails
  2718 | D:4      | Reached skill level 5 in Armour
  2718 | D:4      | Reached XP level 7. HP: 28/64 MP: 6/6
  3067 | D:4      | Noticed Robin
  3078 | D:4      | Killed Robin
  3179 | D:4      | Reached XP level 8. HP: 55/71 MP: 7/7
  3214 | D:4      | Reached **** piety under Trog
  3221 | D:4      | Reached skill level 9 in Maces & Flails
  3445 | D:4      | Noticed Grinder
  3463 | D:4      | Killed Grinder
  3689 | D:5      | Entered Level 5 of the Dungeon
  3700 | D:5      | Noticed Menkaure
  3705 | D:5      | Killed Menkaure
  3714 | D:5      | Reached skill level 10 in Maces & Flails
  4001 | D:5      | Found a basalt altar of Yredelemnul.
  4100 | D:5      | Noticed Eustachio
  4110 | D:5      | Killed Eustachio
  4110 | D:5      | Reached XP level 9. HP: 81/81 MP: 8/8
  4212 | D:5      | Found a staircase to the Ecumenical Temple.
  4487 | D:6      | Found a sand-covered staircase.
  4526 | Ossuary  | Entered an ossuary
  4543 | Ossuary  | Received a gift from Trog
  4635 | Ossuary  | Got a coiled platinum ring
  4693 | Ossuary  | Reached skill level 11 in Maces & Flails
  4699 | Ossuary  | Reached ***** piety under Trog
  5108 | D:6      | Found Hugirr's Gadget Boutique.
  5837 | D:7      | Reached skill level 12 in Maces & Flails
  6019 | D:7      | Got a fine bronze ring
  6068 | D:7      | Received a gift from Trog
  6602 | D:8      | Reached XP level 10. HP: 85/91 MP: 3/9
  7646 | D:9      | Noticed a two-headed ogre
  7651 | D:9      | Killed a two-headed ogre
  7651 | D:9      | Reached skill level 13 in Maces & Flails
  7823 | D:9      | Found a staircase to the Lair.
  7871 | D:9      | Reached skill level 10 in Fighting
  8278 | D:9      | Noticed a two-headed ogre
  8286 | D:9      | Killed a two-headed ogre
  8286 | D:9      | Reached skill level 10 in Armour
  9064 | D:10     | Entered Level 10 of the Dungeon
  9200 | D:10     | Reached skill level 14 in Maces & Flails
  9247 | D:10     | Reached XP level 11. HP: 100/101 MP: 3/10
  9293 | D:10     | Found a staircase to the Orcish Mines.
  9840 | D:11     | You fall through a shaft!
  9903 | D:12     | Slain by an orc warrior

Skill      XL: |  1  2  3  4  5  6  7  8  9 10 11 |
---------------+----------------------------------+-----
Fighting       | 4 5 6 7 9 10 11 | 11.0
Maces & Flails | 4 5 6 8 10 12 14 | 14.5
Armour         | 3 4 5 6 7 9 10 | 10.8
Dodging        | 3 4 |  4.1

Action                   |  1- 3 |  4- 6 |  7- 9 | 10-12 || total
-------------------------+-------+-------+-------+-------++-------
Melee: Mace              |    74 |    11 |       |       ||    85
       Headbutt          |    16 |    22 |   100 |    36 ||   174
       Spear             |       |    97 |    25 |       ||   122
       Whip              |       |       |    73 |       ||    73
       Flail             |       |       |   295 |       ||   295
       Great mace        |       |       |     8 |   193 ||   201
Throw: Javelin           |       |       |    39 |    85 ||   124
Invok: Berserk           |     1 |     2 |     8 |     4 ||    15
  Use: Scroll            |       |     9 |     2 |     1 ||    12
       Potion            |       |    10 |       |       ||    10
 Stab: Sleeping          |     1 |       |       |       ||     1
  Eat: Chunk             |     1 |     7 |    15 |    12 ||    35
       Ration            |       |       |     1 |     1 ||     2
Armor: Leather armour    |    17 |       |       |       ||    17
       Ring mail         |     1 |       |       |       ||     1
       Scale mail        |       |     5 |       |       ||     5
       Plate armour      |       |    38 |   206 |   129 ||   373
Dodge: Dodged            |    52 |    33 |   116 |    86 ||   287
